SAA
BETHESDA ATOMS @ WESTWOOD SIXSHOOTERS
09/14/2027
 
TOP OF THE 1ST
Bethesda Atoms batting - Pitching for Westwood Sixshooters : RHP Ray Mangas
Pitching: RHP Ray Mangas
Batting: RHB Marc Beck 0-0: Ball
1-0: Foul Ball, location: 2F
1-1: Ground out 4-3 (Groundball, 34)
Batting: LHB Jorge Ortíz 0-0: Ball
1-0: Foul Ball, location: 2F
1-1: Called Strike
1-2: Foul Ball, location: 2F
1-2: Ball
2-2: Foul Ball, location: 2F
2-2: Foul Ball, location: 2F
2-2: Foul Ball, location: 2F
2-2: Strikes out swinging
Batting: RHB Enrique Ibarra 0-0: Foul Ball, location: 2F
0-1: Called Strike
0-2: Strikes out looking
Top of the 1st over - 0 run(s), 0 hit(s), 0 error(s), 0 left on base; Bethesda 0 - Westwood 0
BOTTOM OF THE 1ST
Westwood Sixshooters batting - Pitching for Bethesda Atoms : LHP Phil Miller
Pitching: LHP Phil Miller
Batting: LHB António Quintero 0-0: SINGLE (Line Drive, 3D)
Batting: LHB Mitchell Cusimano 0-0: Called Strike
0-1: Ball
1-1: Grounds into double play, 5-4-3 (Groundball, 56)
Batting: RHB Wrangler Haresnape 0-0: SINGLE (Line Drive, 34)
Batting: RHB Steve Bock 0-0: Ball
1-0: Called Strike
1-1: Ball
2-1: Swinging Strike
2-2: Foul Ball, location: 2F
2-2: Foul Ball, location: 2F
2-2: Ball
3-2: Strikes out swinging
Bottom of the 1st over - 0 run(s), 2 hit(s), 0 error(s), 1 left on base; Bethesda 0 - Westwood 0
TOP OF THE 2ND
Bethesda Atoms batting - Pitching for Westwood Sixshooters : RHP Ray Mangas
Batting: RHB Chase Mooney 0-0: Foul Ball, location: 2F
0-1: Ball
1-1: Fly out, F7 (Flyball, 7S)
Batting: LHB Diego Rosas 0-0: Ground out 4-3 (Groundball, 4)
Batting: RHB Raúl Javier Jr. 0-0: Ground out 4-3 (Groundball, 34D)
Top of the 2nd over - 0 run(s), 0 hit(s), 0 error(s), 0 left on base; Bethesda 0 - Westwood 0
BOTTOM OF THE 2ND
Westwood Sixshooters batting - Pitching for Bethesda Atoms : LHP Phil Miller
Batting: LHB Bob Daugherty 0-0: Swinging Strike
0-1: Foul Ball, location: 2F
0-2: Fly out, F7 (Flyball, 7)
Batting: RHB Chris Corella 0-0: Called Strike
0-1: Ball
1-1: Ground out 5-3 (Groundball, 56S)
Batting: LHB Lorenzo Díaz 0-0: Called Strike
0-1: Ball
1-1: Foul Ball, location: 2F
1-2: Foul Ball, location: 2F
1-2: Foul Ball, location: 2F
1-2: Ball
2-2: Foul Ball, location: 2F
2-2: Foul Ball, location: 2F
2-2: Fly out, F8 (Flyball, 8RD)
Bottom of the 2nd over - 0 run(s), 0 hit(s), 0 error(s), 0 left on base; Bethesda 0 - Westwood 0
TOP OF THE 3RD
Bethesda Atoms batting - Pitching for Westwood Sixshooters : RHP Ray Mangas
Batting: RHB José Leyva 0-0: Called Strike
0-1: Ball
1-1: SINGLE (Line Drive, 7LS)
Batting: RHB Enoch Reinhardt 0-0: Fly out, F8 (Line Drive, 8LM)
Batting: RHB Juan Camacho 0-0: Ball
1-0: Ball
2-0: Fielders Choice at 2nd, 5-4 (Groundball, 56)
Batting: RHB Marc Beck 0-0: Called Strike
0-1: Called Strike
0-2: Ball
Juan Camacho steals 2nd base
1-2: Ball
2-2: Strikes out looking
Top of the 3rd over - 0 run(s), 1 hit(s), 0 error(s), 1 left on base; Bethesda 0 - Westwood 0
BOTTOM OF THE 3RD
Westwood Sixshooters batting - Pitching for Bethesda Atoms : LHP Phil Miller
Batting: RHB Alonso Zamora 0-0: Called Strike
0-1: Ball
1-1: Ball
2-1: Fly out, F9 (Flyball, 9S)
Batting: LHB Juan Romero 0-0: Called Strike
0-1: Ball
1-1: Swinging Strike
1-2: Fly out, F4 (Line Drive, 4)
Batting: LHB António Quintero 0-0: TRIPLE (Line Drive, 9LS)
Batting: LHB Mitchell Cusimano 0-0: Ground out 6-3 (Groundball, 6)
Bottom of the 3rd over - 0 run(s), 1 hit(s), 0 error(s), 1 left on base; Bethesda 0 - Westwood 0
TOP OF THE 4TH
Bethesda Atoms batting - Pitching for Westwood Sixshooters : RHP Ray Mangas
Batting: LHB Jorge Ortíz 0-0: Called Strike
0-1: Swinging Strike
0-2: Ball
1-2: Strikes out swinging
Batting: RHB Enrique Ibarra 0-0: Called Strike
0-1: Ball
1-1: Ball
2-1: Ball
3-1: Foul Ball, location: 2F
3-2: Fly out, F7 (Flyball, 7LM)
Batting: RHB Chase Mooney 0-0: Ball
1-0: Called Strike
1-1: Ground out 6-3 (Groundball, 56)
Top of the 4th over - 0 run(s), 0 hit(s), 0 error(s), 0 left on base; Bethesda 0 - Westwood 0
BOTTOM OF THE 4TH
Westwood Sixshooters batting - Pitching for Bethesda Atoms : LHP Phil Miller
Batting: RHB Wrangler Haresnape 0-0: Swinging Strike
0-1: Ball
1-1: Ground out 5-3 (Groundball, 56S)
Batting: RHB Steve Bock 0-0: Ball
1-0: Called Strike
1-1: Foul Ball, location: 2F
1-2: Foul Ball, location: 2F
1-2: Ball
2-2: Foul Ball, location: 2F
2-2: Ball
3-2: TRIPLE (Flyball, 8LXD)
Batting: LHB Bob Daugherty 0-0: Ball
1-0: Ball
2-0: Ball
3-0: Called Strike
3-1: Ground out U3 (Groundball, 3L)
Batting: RHB Chris Corella 0-0: Called Strike
Balk!
Steve Bock scores
0-1: Ball
1-1: Ball
2-1: Swinging Strike
2-2: Ball
3-2: Foul Ball, location: 2F
3-2: Fly out, F8 (Flyball, 8LD)
Bottom of the 4th over - 1 run(s), 1 hit(s), 0 error(s), 0 left on base; Bethesda 0 - Westwood 1
TOP OF THE 5TH
Bethesda Atoms batting - Pitching for Westwood Sixshooters : RHP Ray Mangas
Batting: LHB Diego Rosas 0-0: Ball
1-0: Foul Ball, location: 2F
1-1: Called Strike
1-2: Foul Ball, location: 2F
1-2: Ball
2-2: Strikes out swinging
Batting: RHB Raúl Javier Jr. 0-0: Ball
1-0: Called Strike
1-1: Foul Ball, location: 2F
1-2: Foul Ball, location: 2F
1-2: Ground out 5-3 (Groundball, 56)
Batting: RHB José Leyva 0-0: Ball
1-0: Called Strike
1-1: Called Strike
1-2: Foul Ball, location: 2F
1-2: Reached on error, E5 (Groundball, 56)
Batting: RHB Enoch Reinhardt 0-0: SINGLE (Line Drive, 78S)
José Leyva to third
Runner from 3rd tries for Home, SAFE, throw made home
Enoch Reinhardt to second
Batting: RHB Juan Camacho 0-0: Called Strike
0-1: Swinging Strike
0-2: Ground out 5-3 (Groundball, 56S)
Top of the 5th over - 1 run(s), 1 hit(s), 1 error(s), 1 left on base; Bethesda 1 - Westwood 1
BOTTOM OF THE 5TH
Westwood Sixshooters batting - Pitching for Bethesda Atoms : LHP Phil Miller
Batting: LHB Lorenzo Díaz 0-0: Fly out, F5 (Popup, 5S)
Batting: RHB Alonso Zamora 0-0: Foul Ball, location: 2F
0-1: Called Strike
0-2: Foul Ball, location: 2F
0-2: Ball
1-2: Fly out, F4 (Popup, 34)
Batting: LHB Juan Romero 0-0: Ball
1-0: Foul Ball, location: 2F
1-1: Ball
2-1: Bunt for hit - play at first, batter OUT! 3-4
Bottom of the 5th over - 0 run(s), 0 hit(s), 0 error(s), 0 left on base; Bethesda 1 - Westwood 1
TOP OF THE 6TH
Bethesda Atoms batting - Pitching for Westwood Sixshooters : RHP Ray Mangas
Batting: RHB Marc Beck 0-0: Foul Ball, location: 2F
0-1: Ball
1-1: Called Strike
1-2: Foul Ball, location: 2F
1-2: Fly out, F9 (Flyball, 9LM)
Batting: LHB Jorge Ortíz 0-0: Fly out, F8 (Flyball, 8RD)
Batting: RHB Enrique Ibarra 0-0: Ball
1-0: Foul Ball, location: 2F
1-1: Swinging Strike
1-2: Strikes out swinging
Top of the 6th over - 0 run(s), 0 hit(s), 0 error(s), 0 left on base; Bethesda 1 - Westwood 1
BOTTOM OF THE 6TH
Westwood Sixshooters batting - Pitching for Bethesda Atoms : LHP Phil Miller
Batting: LHB António Quintero 0-0: Called Strike
0-1: Ball
1-1: Called Strike
1-2: Strikes out looking
Batting: LHB Mitchell Cusimano 0-0: Foul Ball, location: 2F
0-1: Ball
1-1: Ball
2-1: Foul Ball, location: 2F
2-2: Ball
3-2: Ground out 6-3 (Groundball, 6)
Batting: RHB Wrangler Haresnape 0-0: Called Strike
0-1: Ball
1-1: Ground out 5-3 (Groundball, 56)
Bottom of the 6th over - 0 run(s), 0 hit(s), 0 error(s), 0 left on base; Bethesda 1 - Westwood 1
TOP OF THE 7TH
Bethesda Atoms batting - Pitching for Westwood Sixshooters : RHP Ray Mangas
Batting: RHB Chase Mooney 0-0: Ground out 4-3 (Groundball, 4)
Batting: LHB Diego Rosas 0-0: Ball
1-0: Ground out 4-3 (Groundball, 4)
Batting: RHB Raúl Javier Jr. 0-0: Foul Ball, location: 2F
0-1: Ball
1-1: Ball
2-1: Called Strike
2-2: Strikes out swinging, 2-3 out at first.
Top of the 7th over - 0 run(s), 0 hit(s), 0 error(s), 0 left on base; Bethesda 1 - Westwood 1
BOTTOM OF THE 7TH
Westwood Sixshooters batting - Pitching for Bethesda Atoms : LHP Phil Miller
Batting: RHB Steve Bock 0-0: Called Strike
0-1: SINGLE (Flyball, 7LS)
Pinch Hitting: SHB Jesús Rodríguez 0-0: Ball
1-0: Ball
2-0: Ball
3-0: Base on Balls
Steve Bock to second
Batting: RHB Chris Corella 0-0: Ball
1-0: Ball
2-0: Sac Bunt - play at first, batter OUT! 1-4
Steve Bock to third
Jesús Rodríguez to second
Batting: LHB Lorenzo Díaz 0-0: Ball
1-0: Swinging Strike
1-1: Foul Ball, location: 2F
1-2: Foul Ball, location: 2F
1-2: Foul Ball, location: 2F
1-2: Ball
2-2: Strikes out swinging
Batting: RHB Alonso Zamora 0-0: Ball
1-0: Ball
2-0: Ball
3-0: Called Strike
3-1: Base on Balls
Pinch Hitting: SHB Ramón García 0-0: Fly out, F9 (Flyball, 9LS)
Bottom of the 7th over - 0 run(s), 1 hit(s), 0 error(s), 3 left on base; Bethesda 1 - Westwood 1
TOP OF THE 8TH
Bethesda Atoms batting - Pitching for Westwood Sixshooters : RHP Ray Mangas
Pitching: RHP Alfonso Santa Maria
Now in LF: Nick Hoskins
Now in CF: Alberto Lastaneda
Batting: RHB José Leyva 0-0: Ball
1-0: Ball
2-0: Foul Ball, location: 2F
2-1: Ball
3-1: Called Strike
3-2: Strikes out swinging
Pinch Hitting: RHB William Walls 0-0: Swinging Strike
0-1: Fly out, F8 (Flyball, 8RD)
Pinch Hitting: RHB Carlos Ávila 0-0: Ball
1-0: Ball
2-0: Ground out 4-3 (Groundball, 4)
Top of the 8th over - 0 run(s), 0 hit(s), 0 error(s), 0 left on base; Bethesda 1 - Westwood 1
BOTTOM OF THE 8TH
Westwood Sixshooters batting - Pitching for Bethesda Atoms : LHP Phil Miller
Now in LF: William Walls
Now in CF: Dave Smerdon
Pinch Hitting: RHB Javier Valdés 0-0: Swinging Strike
0-1: Ball
1-1: Swinging Strike
1-2: Strikes out swinging
Pinch Hitting: RHB Leo Shoemaker 0-0: Foul Ball, location: 2F
0-1: Ball
1-1: Ground out 5-3 (Groundball, 56)
Batting: RHB Wrangler Haresnape 0-0: Ball
1-0: Ball
2-0: Fly out, F8 (Flyball, 89S)
Bottom of the 8th over - 0 run(s), 0 hit(s), 0 error(s), 0 left on base; Bethesda 1 - Westwood 1
TOP OF THE 9TH
Bethesda Atoms batting - Pitching for Westwood Sixshooters : RHP Alfonso Santa Maria
Pitching: RHP Will Moore
Now at 2B: Orlando López
Now at 3B: Leo Shoemaker
Batting: RHB Marc Beck 0-0: Called Strike
0-1: Fly out, F4 (Line Drive, 4)
Batting: LHB Jorge Ortíz 0-0: Ball
1-0: Ball
2-0: Ball
3-0: Called Strike
3-1: SINGLE (Flyball, 7S)
Batting: RHB Enrique Ibarra 0-0: Called Strike
Jorge Ortíz steals 2nd base
0-1: Ball
1-1: Ball
2-1: Foul Ball, location: 2F
2-2: Foul Ball, location: 2F
2-2: Foul Ball, location: 2F
2-2: Fly out, F9 (Flyball, 9S)
Batting: RHB Chase Mooney 0-0: Ground out 5-3 (Groundball, 56)
Top of the 9th over - 0 run(s), 1 hit(s), 0 error(s), 1 left on base; Bethesda 1 - Westwood 1
BOTTOM OF THE 9TH
Westwood Sixshooters batting - Pitching for Bethesda Atoms : LHP Phil Miller
Pitching: RHP Ashweather Cett
Batting: RHB Steve Bock 0-0: Foul Ball, location: 2F
0-1: Foul Ball, location: 2F
0-2: Ball
1-2: Foul Ball, location: 2F
1-2: Ground out 1-3 (Groundball, 13S)
Pinch Hitting: LHB Jim Schlossnagle 0-0: Foul Ball, location: 2F
0-1: Ball
1-1: Ball
2-1: Ball
3-1: Swinging Strike
3-2: Foul Ball, location: 2F
3-2: Ground out U3 (Groundball, 34)
Batting: RHB Chris Corella 0-0: Called Strike
0-1: Called Strike
0-2: Fly out, F9 (Flyball, 9S)
Bottom of the 9th over - 0 run(s), 0 hit(s), 0 error(s), 0 left on base; Bethesda 1 - Westwood 1
TOP OF THE 10TH
Bethesda Atoms batting - Pitching for Westwood Sixshooters : RHP Will Moore
Now in LF: Jim Schlossnagle
Batting: LHB Diego Rosas 0-0: Ball
1-0: Swinging Strike
1-1: Foul Ball, location: 2F
1-2: Strikes out swinging
Batting: RHB Raúl Javier Jr. 0-0: Ground out 4-3 (Groundball, 4)
Batting: RHB José Leyva 0-0: Ball
1-0: Ball
2-0: Ball
3-0: Called Strike
3-1: Foul Ball, location: 2F
3-2: Foul Ball, location: 2F
3-2: Foul Ball, location: 2F
3-2: SINGLE (Line Drive, 6D)
Pinch Runner at 1st Ernesto López:
Batting: RHB William Walls 0-0: Called Strike
0-1: SINGLE (Line Drive, 89S)
Ernesto López to second
Pinch Hitting: SHB Arnold Bunch 0-0: Ball
1-0: Ball
2-0: Ball
3-0: Called Strike
3-1: Foul Ball, location: 2F
3-2: Strikes out looking
Top of the 10th over - 0 run(s), 2 hit(s), 0 error(s), 2 left on base; Bethesda 1 - Westwood 1
BOTTOM OF THE 10TH
Westwood Sixshooters batting - Pitching for Bethesda Atoms : RHP Ashweather Cett
Now at C: Arnold Bunch
Now at 2B: Shawn Sánchez
Batting: LHB Lorenzo Díaz 0-0: SINGLE (Groundball, 56) (infield hit)
Pinch Runner at 1st Manny Flores:
Batting: RHB Alonso Zamora 0-0: Sac Bunt - play at first, batter OUT! 5-3
Manny Flores to second
Pinch Hitting: RHB Jim Unknown 0-0: Ball
Manny Flores steals 3rd base
1-0: Intentional Walk
Batting: LHB Orlando López 0-0: Swinging Strike
0-1: Ball
1-1: Called Strike
1-2: Ball
2-2: Strikes out looking
Jim Unknown steals 2nd base
Batter strikes out.
Pitching: LHP Holden Rosen Grupp
Batting: RHB Leo Shoemaker 0-0: Ground out 6-3 (Groundball, 6S)
Bottom of the 10th over - 0 run(s), 1 hit(s), 0 error(s), 2 left on base; Bethesda 1 - Westwood 1
TOP OF THE 11TH
Bethesda Atoms batting - Pitching for Westwood Sixshooters : RHP Will Moore
Pitching: RHP Kenny Powers
Now at C: Manny Flores
Now in CF: Edgar González
Batting: RHB Marc Beck 0-0: Ball
1-0: Ball
2-0: Ball
3-0: Base on Balls
Batting: LHB Jorge Ortíz 0-0: Ball
1-0: Sac Bunt - play at first, batter OUT! 1-4
Marc Beck to second
Batting: RHB Enrique Ibarra 0-0: Called Strike
Marc Beck steals 3rd base
0-1: Fly out, F9 (Flyball, 9S)
Batting: RHB Chase Mooney 0-0: Ball
1-0: Ball
2-0: Ball
3-0: Called Strike
3-1: Base on Balls
Batting: LHB Diego Rosas 0-0: Ball
1-0: Ball
2-0: Ball
Wild Pitch!
Marc Beck scores
Chase Mooney to second
3-0: Called Strike
3-1: Base on Balls
Batting: RHB Raúl Javier Jr. 0-0: Called Strike
0-1: Swinging Strike
0-2: Ball
1-2: Strikes out swinging
Top of the 11th over - 1 run(s), 0 hit(s), 0 error(s), 2 left on base; Bethesda 2 - Westwood 1
BOTTOM OF THE 11TH
Westwood Sixshooters batting - Pitching for Bethesda Atoms : LHP Holden Rosen Grupp
Now at 1B: Leroy Rijerkerk
Now at 3B: Beau Murphy
Batting: RHB Wrangler Haresnape 0-0: SINGLE (Groundball, 6MD)
Batting: RHB Steve Bock 0-0: Called Strike
0-1: Foul Ball, location: 2F
0-2: Ball
1-2: Foul Ball, location: 2F
1-2: Strikes out swinging
Pinch Hitting: RHB Barnett Armstrong 0-0: Foul Ball, location: 2F
0-1: Ball
1-1: Swinging Strike
1-2: Ball
2-2: Foul Ball, location: 2F
2-2: Hit by Pitch
Wrangler Haresnape to second
Batting: RHB Chris Corella 0-0: Called Strike
0-1: Foul Ball, location: 2F
0-2: Grounds into double play, 5-4-3 (Groundball, 56)
Bottom of the 11th over - 0 run(s), 1 hit(s), 0 error(s), 1 left on base; Bethesda 2 - Westwood 1
Saturday, May 26th, 2018 - OOTP Baseball 17.12 Build 75